[Event "*** Titled Tuesday Blitz"]
[Site "Chess.com"]
[Date "2020.11.03"]
[Round "4"]
[White "albi1999"]
[Black "kuban1991"]
[Result "0-1"]
[WhiteElo "2571"]
[BlackElo "2894"]
[TimeControl "180+1"]
[EndTime "10:41:12 PST"]
[Termination "kuban1991 won by resignation"]

1. d4 g6 2. c4 Bg7 3. Nf3 c5 4. d5 d6 5. Nc3 Bxc3+ 6. bxc3 f5 7. Qc2 Nf6 8. e3 Qa5 9. Bd3 Nbd7 10. O-O Nb6 11.
Nd2 Qa4 12. Qb3 e5 13. Bc2 Bd7 14. f4 e4 15. Rb1 O-O-O 16. Bd1 h6 17. Qxb6 axb6 18.
Bxa4 Bxa4 19. Rxb6 Kc7 20. Rb2 Ra8 21. h3 Rhb8 22.
Rf2 b5 23. cxb5 Bxb5 24. c4 Ba6 25. a3 h5 26. Kh2 h4 27. g3 hxg3+ 28. Kxg3 Rh8 29.
Rg2 Rh6 30. Rb1 Rah8 31. Rh2 Ng4 32. Bb2 R8h7 33. Bg7 Rh5 34. Rhh1 Nxe3 35. Bc3 Rh4 36. Ba5+ Kc8 37. Rb6 Bxc4 38. Rxd6 Bd3 39. Rd8+ Kb7 40. Rb1+ Bxb1 0-1

[Event "*** Titled Tuesday Blitz"]
[Site "Chess.com"]
[Date "2020.11.03"]
[Round "4"]
[White "Kezin_Roman"]
[Black "Kavyev_Ruslan"]
[Result "1-0"]
[WhiteElo "2726"]
[BlackElo "2506"]
[TimeControl "180+1"]
[EndTime "10:41:13 PST"]
[Termination "Kezin_Roman won by resignation"]

1. e4 c5 2. Nf3 d6 3. Bb5+ Nd7 4.
Ba4 Nf6 5. O-O a6 6. c4 e6 7. Nc3 Be7 8. d4 cxd4 9. Nxd4 O-O 10.
Re1 Qc7 11. Qe2 b6 12. Nc6 Nc5 13. Nxe7+ Qxe7 14. Bc2 Bb7 15. f3 Rac8 16. Bg5 h6 17. Bh4 Ncd7 18. Rad1 Ne5 19. Bb3 Ng6 20. Bg3 Rfd8 21.
Qe3 Qc7 22. Bf2 Nd7 23. f4 Nc5 24. Bc2 Nd7 25. Bd3 Nc5 26. Bf1 Re8 27. Rd2 d5 28.
cxd5 exd5 29. e5 Ne4 30. Nxe4 dxe4 31. g3 b5 32. Bg2 Red8 33. Rxd8+ Rxd8 34. Bxe4 Bxe4 35. Qxe4 Ne7 36. f5 Rd2 37. f6 Ng6 38. e6 Rd8 39. fxg7 Re8 40. exf7+ 1-0

[Event "*** Titled Tuesday Blitz"]
[Site "Chess.com"]
[Date "2020.11.03"]
[Round "4"]
[White "grzechu96"]
[Black "ehrenfeld"]
[Result "1-0"]
[WhiteElo "2684"]
[BlackElo "2480"]
[TimeControl "180+1"]
[EndTime "10:41:13 PST"]
[Termination "grzechu96 won by resignation"]

1. e4 d6 2. d4 g6 3. Nf3 Nf6 4. Nc3 Bg7 5. Be3 O-O 6. Qd2 a6 7.
Bh6 b5 8. Bxg7 Kxg7 9. e5 dxe5 10. dxe5 Qxd2+ 11. Nxd2 Ng4 12. a4 b4 13. Nd5 Nxe5 14.
Nxb4 Bb7 15. f3 a5 16. Nd3 Nbd7 17. Nxe5 Nxe5 18. O-O-O Bc6 19. Re1 Kf6 20. Ne4+ Bxe4 21.
Rxe4 g5 22. Be2 Rab8 23. c3 h6 24. Re1 e6 25. Bb5 Ng6 26. Rc4 Rb7 27. Rc5 Ra7 28. Rd1 Ne7 29. Rd7 Rc8 30. Bc4 Nf5 31. g3 Nd6 32.
Rxd6 1-0

[Event "*** Titled Tuesday Blitz"]
[Site "Chess.com"]
[Date "2020.11.03"]
[Round "4"]
[White "GMaka"]
[Black "Volodar_Murzin"]
[Result "0-1"]
[WhiteElo "2393"]
[BlackElo "2614"]
[TimeControl "180+1"]
[EndTime "10:41:13 PST"]
[Termination "Volodar_Murzin won by checkmate"]

1. d4 Nf6 2. Bg5 g6 3. Bxf6 exf6 4. e3 d5 5. g3 c6 6. Bg2 f5 7. Ne2 Nd7 8. Nd2 Nf6 9. c4 dxc4 10. Nxc4 Be6 11.
Ne5 Bb4+ 12. Kf1 Nd5 13. Nf4 Nxf4 14. gxf4 O-O 15. Bf3 Be7 16. Kg2 Rc8 17. a3 Kh8 18.
b4 Bh4 19. Rc1 Rg8 20. d5 cxd5 21. Rxc8 Qxc8 22. Qd4 f6 23. Nd3 g5 24. Qxf6+ Rg7 25.
Kf1 g4 26. Qxh4 gxf3 27. Rg1 Qc2 28. Qd8+ Bg8 29. Rxg7 Qe2+ 30. Kg1 Qd1+ 31. Ne1 Qxe1# 0-1

[Event "*** Titled Tuesday Blitz"]
[Site "Chess.com"]
[Date "2020.11.03"]
[Round "4"]
[White "AnishOnYoutube"]
[Black "AlexeiShirov"]
[Result "1-0"]
[WhiteElo "2970"]
[BlackElo "2787"]
[TimeControl "180+1"]
[EndTime "10:41:14 PST"]
[Termination "AnishOnYoutube won by resignation"]

1. e4 e5 2. Nf3 Nc6 3. Bb5 a6 4. Ba4 Nf6 5. O-O b5 6. Bb3 Bc5 7. a4 Rb8 8. c3 d6 9. d4 Bb6 10. Qd3 O-O 11. Bg5 exd4 12. cxd4 h6 13. Bh4 g5 14. Bg3 Nh5 15. Nc3 Nxg3 16. fxg3 Ne5 17. Qd2 Nc4 18. Bxc4 bxc4 19. h4 Be6 20. Nd5 Bxd5 21.
exd5 Qf6 22. hxg5 hxg5 23. Rad1 Rbe8 24. Nxg5 Bxd4+ 25. Qxd4 Qxg5 26. Rf4 f5 27. g4 Re5 28. gxf5 Kf7 29. Qxc4 Rfe8 30. Rdf1 Qg3 31. R4f3 Qg5 32. Qxc7+ R8e7 33. Qxd6 Re2 34. Rg3 Qh5 35. f6 Rb7 36.
Rg7+ 1-0

[Event "*** Titled Tuesday Blitz"]
[Site "Chess.com"]
[Date "2020.11.03"]
[Round "4"]
[White "enestnrvrd"]
[Black "kot60"]
[Result "1-0"]
[WhiteElo "2615"]
[BlackElo "2392"]
[TimeControl "180+1"]
[EndTime "10:41:15 PST"]
[Termination "enestnrvrd won by resignation"]

1. d4 Nf6 2. Nf3 g6 3. c4 Bg7 4. g3 O-O 5. Bg2 d6 6. O-O Na6 7. Nc3 c5 8. dxc5 Nxc5 9. Nd4 a6 10. Rb1 Rb8 11. h3 Bd7 12. a4 Qc8 13. Kh2 Ne6 14.
Nxe6 Bxe6 15. b3 Ng4+ 16. hxg4 Bxc3 17. g5 Bg7 18. Be3 b5 19. cxb5 axb5 20. a5 b4 21.
Bb6 Qa6 22. Qd3 Qxd3 23. exd3 Bc8 24. Rbc1 Ba6 25. Rfe1 e6 26. d4 Rfc8 27. Bc7 Rb5 28. Bf1 Bxd4 29. Bxb5 Bxb5 30. Bb6 Bc3 31. Re3 d5 32.
Bd4 Ra8 33. Bxc3 bxc3 34. Rexc3 Kg7 35. b4 Bc4 36. Rxc4 dxc4 37. Rxc4 h6 38. gxh6+ Kxh6 39. Kg2 Kg5 40. f4+ Kf6 41. Kf3 Ke7 42. Rc7+ Ke8 43.
Rb7 Rd8 44. a6 1-0

[Event "*** Titled Tuesday Blitz"]
[Site "Chess.com"]
[Date "2020.11.03"]
[Round "4"]
[White "Kaslask"]
[Black "IMDT02"]
[Result "1-0"]
[WhiteElo "2303"]
[BlackElo "2522"]
[TimeControl "180+1"]
[EndTime "10:41:15 PST"]
[Termination "Kaslask won by resignation"]

1. d4 Nf6 2. c4 e6 3. Nc3 Bb4 4. e3 O-O 5. Bd3 d5 6. a3 Bxc3+ 7. bxc3 c5 8. Ne2 dxc4 9. Bxc4 Qc7 10. O-O cxd4 11.
Qxd4 e5 12. Qh4 Nc6 13. Ba2 Bf5 14. Ng3 Bg6 15. e4 Rac8 16. Bg5 Nd7 17. Rad1 Nb6 18. Be3 Kh8 19. Nf5 f6 20. Qg4 Rcd8 21. h4 Bxf5 22. exf5 Na5 23. h5 Nac4 24. Bc1 Qc6 25. h6 Qc7 26.
Bxc4 Nxc4 27. hxg7+ Qxg7 28. Qxc4 Rg8 29. Qe4 Rc8 30. Rd3 Rc4 31. Qd5 Rc5 32. Qf3 e4 33. Qxe4 Re5 34. Qf3 Rxf5 35. Qh3 Rh5 36. Qg3 Qf7 37. Qf3 Qg6 38. Rd5 Rh4 39. Rfd1 Rg4 40.
g3 Qh5 41. Rxh5 1-0

[Event "*** Titled Tuesday Blitz"]
[Site "Chess.com"]
[Date "2020.11.03"]
[Round "4"]
[White "MaxLeto"]
[Black "Evachess2006"]
[Result "1-0"]
[WhiteElo "2361"]
[BlackElo "1640"]
[TimeControl "180+1"]
[EndTime "10:41:16 PST"]
[Termination "MaxLeto won on time"]

1. g4 d5 2. Bg2 Nc6 3. g5 e5 4. h4 Be6 5. d3 Bc5 6. Nc3 Nge7 7. e4 d4 8. Nce2 Qd7 9. f4 O-O-O 10. f5 Bxf5 11. exf5 Nxf5 12. Bh3 Nce7 13. Ng3 g6 14. Bd2 Qc6 15. Qf3 Qxf3 16. Nxf3 Kb8 17. Nxf5 Nxf5 18. Bxf5 gxf5 19. O-O-O Rhe8 20. Rde1 e4 21. Ng1 1-0

[Event "*** Titled Tuesday Blitz"]
[Site "Chess.com"]
[Date "2020.11.03"]
[Round "4"]
[White "Guenplen"]
[Black "hungrycaterpillar4"]
[Result "1-0"]
[WhiteElo "2892"]
[BlackElo "2566"]
[TimeControl "180+1"]
[EndTime "10:41:17 PST"]
[Termination "Guenplen won by resignation"]

1. d4 d5 2. Bf4 c5 3. e4 dxe4 4.
d5 Nf6 5. Nc3 g6 6. Bb5+ Bd7 7.
Qe2 Bg7 8. O-O-O O-O 9. f3 e3 10. Bxe3 a6 11. Bxd7 Nbxd7 12. Nh3 b5 13. Ng5 Qa5 14.
Kb1 Rac8 15. h4 b4 16. Nce4 Nxe4 17. Nxe4 Nb6 18. h5 Na4 19. b3 f5 20. bxa4 fxe4 21. Qc4 Rf7 22. hxg6 hxg6 23. d6 e6 24. Qxe6 Rd8 25.
Rh7 b3 26. Rxg7+ Kxg7 27. axb3 Qc3 28. Bc1 exf3 29. Bb2 Qxb2+ 30. Kxb2 fxg2 31. Rg1 1-0

[Event "*** Titled Tuesday Blitz"]
[Site "Chess.com"]
[Date "2020.11.03"]
[Round "4"]
[White "GM_Levan_Pantsulaia"]
[Black "Lion-Al-Messi"]
[Result "0-1"]
[WhiteElo "2827"]
[BlackElo "2558"]
[TimeControl "180+1"]
[EndTime "10:41:17 PST"]
[Termination "Lion-Al-Messi won by resignation"]

1. Nf3 b6 2. g3 Bb7 3. Bg2 Nf6 4. O-O e6 5. d3 Be7 6. e4 O-O 7. Nbd2 d6 8. Re1 Nbd7 9. d4 c5 10. c3 Rc8 11. a3 Qc7 12. h3 Rfd8 13. Qe2 Qb8 14.
e5 dxe5 15. dxe5 Ne8 16. Nf1 c4 17. N1h2 Nc5 18. Bg5 Bxg5 19. Nxg5 Bxg2 20. Kxg2 h6 21. Ngf3 Nd3 22. Red1 Qb7 23. a4 Rd5 24. Kg1 Rcd8 25. Ng4 Nxb2 26. Rxd5 Qxd5 27. Nd4 Nd3 28. f4 h5 29. Nf2 Nxf2 30. Kxf2 g6 31. g4 Ng7 32.
Rg1 Kf8 33. Qe3 Qc5 34. Rd1 Qa3 35. Kf3 Qxa4 36. gxh5 gxh5 37. f5 Qxd1+ 0-1

[Event "*** Titled Tuesday Blitz"]
[Site "Chess.com"]
[Date "2020.11.03"]
[Round "4"]
[White "GjakanTati"]
[Black "DishonorOnYourCow"]
[Result "0-1"]
[WhiteElo "2605"]
[BlackElo "2418"]
[TimeControl "180+1"]
[EndTime "10:41:17 PST"]
[Termination "DishonorOnYourCow won by resignation"]

1. e4 e5 2. Nf3 Nc6 3. Bc4 Bc5 4. O-O Nf6 5. d3 d6 6. h3 a5 7. a3 h6 8. Be3 Bxe3 9. fxe3 O-O 10. Qe1 d5 11.
exd5 Nxd5 12. Nbd2 Be6 13. Ne4 Qe7 14. Nh4 Kh8 15. Qg3 Nxe3 16. Rxf7 Bxf7 17. Bxf7 Qxf7 18. Qxe3 Nd4 19. Rc1 g5 20. c3 Nf5 21. Nxf5 Qxf5 22.
Qc5 Rad8 23. Ng3 Qf4 24. Ne2 Qd2 25. Qxe5+ Kh7 26. Qe4+ Kg7 27. Qe7+ Kg8 28. Qe6+ Kh7 29. Qg4 Qxd3 30. Kh1 Rde8 31. Nd4 Rf1+ 32. Rxf1 Qxf1+ 33. Kh2 Qf4+ 34. Qxf4 gxf4 35. Kg1 c5 36. Nf5 Re2 37. b4 cxb4 38. axb4 axb4 39. cxb4 Rb2 0-1

[Event "*** Titled Tuesday Blitz"]
[Site "Chess.com"]
[Date "2020.11.03"]
[Round "4"]
[White "Fortitudine"]
[Black "grandcoach"]
[Result "1-0"]
[WhiteElo "2279"]
[BlackElo "2081"]
[TimeControl "180+1"]
[EndTime "10:41:18 PST"]
[Termination "Fortitudine won on time"]

1. c4 Nf6 2. g3 e6 3. Bg2 d5 4. Nf3 dxc4 5. Qc2 Nbd7 6. Qxc4 b6 7. Nd4 Nd5 8. Bxd5 exd5 9. Qxd5 Ba6 10. Qe4+ Be7 11.
Nf5 Nf6 12. Qxe7+ Qxe7 13. Nxe7 Kxe7 14. d3 Rhe8 15. O-O Kf8 16. Nc3 Rad8 17. Bg5 Re6 18.
Rfe1 h6 19. Bxf6 Rxf6 20. Rad1 c5 21. b3 Re6 22. Rd2 Rxd3 23. Rxd3 Bxd3 24. f3 Ba6 25.
Kf2 Rd6 26. Rd1 1-0

[Event "*** Titled Tuesday Blitz"]
[Site "Chess.com"]
[Date "2020.11.03"]
[Round "4"]
[White "Anton_Demchenko"]
[Black "Yashasd1995"]
[Result "0-1"]
[WhiteElo "2832"]
[BlackElo "2564"]
[TimeControl "180+1"]
[EndTime "10:41:19 PST"]
[Termination "Yashasd1995 won on time"]

1. e4 d5 2. exd5 Nf6 3. Nf3 Nxd5 4. d4 g6 5. h3 Bg7 6. c4 Nb6 7. Nc3 O-O 8. Be2 Nc6 9. Be3 e5 10. d5 Ne7 11. O-O Nf5 12. Bc5 Re8 13. Ne4 Nd7 14. Bb4 Nd4 15. Re1 Nxf3+ 16. Bxf3 f5 17. Nc3 e4 18. Be2 a5 19. Ba3 Ne5 20. Nb5 Bd7 21. d6 Bxb5 22. cxb5 cxd6 23. Qd5+ Kh8 24. Rad1 Qg5 25. Qxb7 Rad8 26. Bxd6 e3 27. f3 Qg3 28.
Kh1 Rxd6 29. Qc7 Rd7 30. Qc1 Bh6 31. Rxd7 Nxd7 32. Qc3+ Bg7 0-1

[Event "*** Titled Tuesday Blitz"]
[Site "Chess.com"]
[Date "2020.11.03"]
[Round "4"]
[White "KyrgyzFighter"]
[Black "tsaruk_maks"]
[Result "0-1"]
[WhiteElo "2353"]
[BlackElo "2571"]
[TimeControl "180+1"]
[EndTime "10:41:19 PST"]
[Termination "tsaruk_maks won by resignation"]

1. c4 Nf6 2. Nc3 e5 3. Nf3 Nc6 4. e3 g6 5. d4 exd4 6. exd4 d6 7.
Be2 Bg7 8. O-O O-O 9. Bf4 Bg4 10.
h3 Bxf3 11. Bxf3 Nd7 12. Be3 Qh4 13. Ne4 h6 14. g3 Qe7 15. Qd2 Rae8 16. Bg2 Kh7 17.
Rfe1 f5 18. Nc3 Qf7 19. Nd5 Nb6 20. Nxb6 axb6 21. Bd5 Qf6 22. Bxc6 bxc6 23. h4 f4 24. Bxf4 Qxd4 25. Bxh6 Qxd2 26. Bxd2 Bxb2 27. Rab1 Bd4 28.
Rxe8 Rxe8 29. Kf1 Ra8 30. Re1 Rxa2 31. Re7+ Kg8 32. Be1 Rc2 33. Rxc7 Rxc4 34. Ke2 b5 35. Kd3 Be5 36. f4 Bg7 37. Bf2 d5 38. Ke2 b4 39.
Kf3 b3 40. Rb7 b2 41. Kg4 c5 42. Kg5 Rb4 0-1

[Event "*** Titled Tuesday Blitz"]
[Site "Chess.com"]
[Date "2020.11.03"]
[Round "4"]
[White "ShimanovAlex"]
[Black "almatyonelove"]
[Result "1-0"]
[WhiteElo "2810"]
[BlackElo "2586"]
[TimeControl "180+1"]
[EndTime "10:41:20 PST"]
[Termination "ShimanovAlex won on time"]

1. Nf3 d5 2. e3 g6 3. c4 e6 4. Nc3 Bg7 5. b3 Ne7 6. Bb2 O-O 7. d4 b6 8. Rc1 Bb7 9. Be2 Nd7 10. O-O a6 11. Na4 dxc4 12. bxc4 Bc6 13. Ba3 Re8 14.
Nc3 Bb7 15. Qb3 Rc8 16. Rfd1 Nf6 17. Ne5 Ne4 18. Nxe4 Bxe4 19. f3 Ba8 20. Nd3 Qd7 21. c5 Bd5 22. Qc2 Bc6 23. Ne5 Qd8 24. cxb6 cxb6 25.
Bxe7 Qxe7 26. Nxc6 Qb7 27. f4 Rc7 28. Bf3 1-0

[Event "*** Titled Tuesday Blitz"]
[Site "Chess.com"]
[Date "2020.11.03"]
[Round "4"]
[White "TokChess"]
[Black "VladimirBugayev"]
[Result "1-0"]
[WhiteElo "2467"]
[BlackElo "2309"]
[TimeControl "180+1"]
[EndTime "10:41:21 PST"]
[Termination "TokChess won by resignation"]

1. c4 c5 2. Nf3 g6 3. g3 Bg7 4.
Bg2 Nc6 5. O-O e5 6. Nc3 Nge7 7. a3 a5 8. Rb1 Rb8 9. Ne1 d6 10.
Nc2 Bf5 11. d3 Nd4 12. Ne3 Bd7 13. b4 axb4 14. axb4 b6 15. Ned5 O-O 16. Nxe7+ Qxe7 17.
Nd5 Qd8 18. e3 Nc6 19. Bd2 Ne7 20. Nc3 Bc6 21. Bxc6 Nxc6 22. Nd5 Ne7 23. Qf3 Nf5 24. Bc3 h5 25. e4 Nh6 26. bxc5 bxc5 27. Rb5 f5 28. Rfb1 Ra8 29. Rb7 Rf7 30. Rxf7 Nxf7 31. exf5 gxf5 32. Qxf5 Ra3 33. Rb7 Qf8 34. Ne7+ Kh8 35.
Ng6+ 1-0

[Event "*** Titled Tuesday Blitz"]
[Site "Chess.com"]
[Date "2020.11.03"]
[Round "4"]
[White "MoreChessJulia"]
[Black "ErikRonka"]
[Result "0-1"]
[WhiteElo "2066"]
[BlackElo "2380"]
[TimeControl "180+1"]
[EndTime "10:41:21 PST"]
[Termination "ErikRonka won by resignation"]

1. d4 d5 2. c4 c6 3. Nf3 Nf6 4. Nc3 e6 5. e3 Nbd7 6. Bd3 dxc4 7. Bxc4 b5 8. Bd3 Bb7 9. e4 b4 10. Na4 c5 11. e5 Nd5 12. Nxc5 Nxc5 13. dxc5 Bxc5 14.
Bb5+ Kf8 15. O-O h6 16. Qe2 g6 17. Rd1 Kg7 18. h4 Qb6 19. Bd3 a5 20. h5 g5 21. g3 Ba6 22. Bxa6 Qxa6 23. Qxa6 Rxa6 24. Bd2 Rc8 25. Be1 Rac6 26. Nd2 Bd4 27. Nf3 Bxb2 28. Rab1 Bc3 29. Rd3 Bxe1 30. Rxe1 Rc3 31. Rxc3 Rxc3 32. Kg2 Rc2 33. Ra1 Ne3+ 34. Kg1 Ng4 35. Nd4 Rxf2 36.
Rc1 Rd2 37. Nf3 Rxa2 38. Rc7 b3 39. Nd4 Nxe5 40. Nxe6+ Kf6 41. Nd4 b2 0-1

[Event "*** Titled Tuesday Blitz"]
[Site "Chess.com"]
[Date "2020.11.03"]
[Round "4"]
[White "Vesper2018"]
[Black "mc4chess"]
[Result "1-0"]
[WhiteElo "2617"]
[BlackElo "2400"]
[TimeControl "180+1"]
[EndTime "10:41:22 PST"]
[Termination "Vesper2018 won on time"]

1. e4 e5 2. Nf3 Nc6 3. Bc4 Bc5 4. d3 Nf6 5. Bg5 h6 6. Bh4 g5 7. Bg3 d6 8. c3 Bb6 9. Nbd2 Be6 10. Qe2 Qe7 11. O-O-O Nh5 12. Bxe6 Qxe6 13. Nc4 Nf4 14. Bxf4 gxf4 15. Nh4 Nd8 16. Nf5 Rg8 17. d4 exd4 18.
cxd4 Rxg2 19. Rhg1 Rxg1 20. Rxg1 Kd7 21. Rg8 Rc8 22.
d5 Qf6 23. Qg4 Ne6 24. dxe6+ fxe6 25. Rg7+ Kc6 26. Ne7+ Kb5 27. Nxc8 Bxf2 28. Rxc7 f3 29.
N8xd6+ Ka6 30. Nd2 Be3 31. Nc4 Bg5 32. e5 Qd8 33.
Qxe6+ b6 34. Qd6 f2 35. Qxd8 f1=Q+ 36. Kc2 Qf5+ 37. Qd3 Qe6 38. Nd6+ 1-0

[Event "*** Titled Tuesday Blitz"]
[Site "Chess.com"]
[Date "2020.11.03"]
[Round "4"]
[White "RaunakSadhwani2005"]
[Black "Grandelicious"]
[Result "1-0"]
[WhiteElo "2977"]
[BlackElo "2794"]
[TimeControl "180+1"]
[EndTime "10:41:23 PST"]
[Termination "RaunakSadhwani2005 won by resignation"]

1. c4 c5 2. Nc3 g6 3. g3 Bg7 4. Bg2 Nc6 5. Nf3 e5 6. O-O Nge7 7.
d3 d6 8. Ne1 Be6 9. Nc2 h5 10.
h4 Qd7 11. Kh2 f5 12. Ne3 g5 13. Ned5 gxh4 14. gxh4 f4 15. e3 Nf5 16. Ne4 O-O-O 17.
Ng5 Nxh4 18. Nxe6 Nxg2 19. Nxd8 Qxd8 20. Rg1 Nh4 21. Rxg7 e4 22. dxe4 f3 23. Qh1 Ne5 24. Kg1 Rg8 25. Ne7+ Kd7 26. Nxg8+ Kc6 27. Qh3 Neg6 28.
Qd7+ Qxd7 29. Rxd7 Kxd7 30. Nf6+ Ke6 31. Nxh5 Ne5 32.
Nf4+ Kd7 33. b3 1-0

[Event "*** Titled Tuesday Blitz"]
[Site "Chess.com"]
[Date "2020.11.03"]
[Round "4"]
[White "sokidze"]
[Black "TimofeevAr"]
[Result "0-1"]
[WhiteElo "2532"]
[BlackElo "2807"]
[TimeControl "180+1"]
[EndTime "10:41:24 PST"]
[Termination "TimofeevAr won by resignation"]

1. e4 d5 2. exd5 Nf6 3. Nf3 Nxd5 4. d4 g6 5. a3 Bg7 6. c4 Nb6 7. Nc3 O-O 8. Be2 Bg4 9. c5 Nd5 10. h3 Bc8 11. Bc4 c6 12. O-O h6 13. Qb3 e6 14.
Bxd5 exd5 15. Bf4 Re8 16. Rfe1 Rxe1+ 17. Rxe1 Nd7 18. Bd6 Bf8 19. Bxf8 Nxf8 20. Ne5 Ne6 21. Qd1 Qf6 22. Qd2 Kg7 23. Re3 Qd8 24. Rf3 Ng5 25. Rf4 f6 26. Ng4 Bxg4 27. Rxg4 Qe7 28. h4 Ne4 29. Nxe4 dxe4 30. Rg3 Rd8 31. h5 g5 32. Re3 f5 33. Qc3 Qf6 34. f3 Qxd4 35. fxe4 Qxc3 36. Rxc3 fxe4 37. Rb3 Rd7 38. Re3 Re7 39. Kf2 Kf6 40.
Ke2 Ke5 41. b3 Kd4 42. b4 Rf7 43. g3 g4 44. Rb3 Rf3 0-1

[Event "*** Titled Tuesday Blitz"]
[Site "Chess.com"]
[Date "2020.11.03"]
[Round "4"]
[White "Sergienko_Sergey"]
[Black "Oglob71"]
[Result "0-1"]
[WhiteElo "2316"]
[BlackElo "2473"]
[TimeControl "180+1"]
[EndTime "10:41:24 PST"]
[Termination "Oglob71 won on time"]

1. e4 c5 2. Nf3 d6 3. Bb5+ Nd7 4. c3 a6 5. Ba4 b5 6. Bc2 Ngf6 7. O-O e5 8. d4 Be7 9. Re1 O-O 10. Nbd2 Bb7 11.
Nf1 Qc7 12. Ng3 Rfe8 13. h3 Bf8 14. d5 g6 15. Nh2 c4 16. Qf3 Bg7 17. Ng4 Nxg4 18.
hxg4 Nc5 19. g5 Qe7 20. Be3 Rac8 21. Rad1 f6 22. gxf6 Qxf6 23. Qg4 Rc7 24. Bg5 Qf7 25. Qh4 Rf8 26. Rf1 Qe8 27. Bh6 Rcf7 28. Bxg7 Kxg7 29.
Qg5 Kh8 30. Qe3 Rf4 31. f3 Qe7 32. Ne2 R4f7 33. Qh6 Bc8 34. Kf2 Qf6 35. Rh1 Qg7 36. Qxg7+ Kxg7 37. Ke3 h5 38. b4 cxb3 39. axb3 Rc7 40.
Ra1 Nd7 41. Bd3 Nb6 42. g3 Rcf7 43. f4 Nd7 44. Rhf1 Nc5 45. b4 Nd7 46. Rf2 Nb6 47. Raf1 Bh3 48. Rh1 Bg4 49. Rhf1 Na4 50. fxe5 Rxf2 51.
Rxf2 Rxf2 52. Kxf2 dxe5 0-1

[Event "*** Titled Tuesday Blitz"]
[Site "Chess.com"]
[Date "2020.11.03"]
[Round "4"]
[White "GM_Huschenbeth"]
[Black "ChristianAlm"]
[Result "1-0"]
[WhiteElo "2381"]
[BlackElo "2535"]
[TimeControl "180+1"]
[EndTime "10:41:25 PST"]
[Termination "GM_Huschenbeth won on time"]

1. e4 c5 2. Nf3 d6 3. d4 cxd4 4. Nxd4 Nf6 5. Nc3 g6 6. Be3 Bg7 7.
Be2 O-O 8. Qd2 Nc6 9. O-O-O Bd7 10. Kb1 Rc8 11. f3 Ne5 12. g4 Nc4 13. Bxc4 Rxc4 14. h4 h5 15. g5 Ne8 16. f4 Bg4 17. Rdf1 Nc7 18. f5 d5 19. fxg6 fxg6 20. Rxf8+ Qxf8 21. exd5 Bxd4 22. Bxd4 Nxd5 23. Qd3 Nxc3+ 24. Bxc3 Qf7 25. Rf1 Bf5 26. Rxf5 gxf5 27. g6 Qxg6 28. Qxc4+ Kh7 29. a4 e6 30. Qc7+ Kh6 31. Bd2+ 1-0

[Event "*** Titled Tuesday Blitz"]
[Site "Chess.com"]
[Date "2020.11.03"]
[Round "4"]
[White "Beltraxtor"]
[Black "Zarikovs1999"]
[Result "0-1"]
[WhiteElo "2525"]
[BlackElo "2347"]
[TimeControl "180+1"]
[EndTime "10:41:25 PST"]
[Termination "Zarikovs1999 won on time"]

1. e4 c5 2. Nf3 d6 3. Bb5+ Nd7 4. d4 cxd4 5. Qxd4 a6 6. Bxd7+ Qxd7 7. Nc3 e5 8. Qd3 f5 9. O-O Nf6 10. Bg5 fxe4 11.
Nxe4 Nxe4 12. Qxe4 Qf5 13. Qd5 Qf7 14. Rad1 Qxd5 15.
Rxd5 Be6 16. Rd2 h6 17. Be3 Be7 18. Bb6 Rc8 19. Re1 Rf8 20. Re3 Rc6 21. Bd4 Bg4 22.
Bxe5 Bxf3 23. Bxd6 Rxd6 24. Rxd6 Bc6 25. c4 Rf4 26. Rde6 Rf7 27. Rg6 Kd7 28. Rg4 Bc5 29. Rd3+ Kc7 30. Rd2 Re7 31. Kf1 Bb4 32. Rd1 Be4 33.
a3 Bd3+ 34. Kg1 Be2 35. axb4 Bxd1 0-1

[Event "*** Titled Tuesday Blitz"]
[Site "Chess.com"]
[Date "2020.11.03"]
[Round "4"]
[White "Region_07"]
[Black "cassoulet"]
[Result "1/2-1/2"]
[WhiteElo "2458"]
[BlackElo "2611"]
[TimeControl "180+1"]
[EndTime "10:41:27 PST"]
[Termination "Game drawn - insufficient material"]

1. d4 Nf6 2. Bg5 d6 3. Nc3 Nbd7 4. e4 h6 5. Be3 e5 6. h3 Be7 7. g3 O-O 8. Bg2 c6 9. a4 Re8 10. Nge2 exd4 11. Nxd4 Bf8 12. O-O Nc5 13. f3 d5 14.
Qd2 dxe4 15. f4 Nd5 16. Nxd5 Qxd5 17. Qc3 Ne6 18. Rad1 Nxd4 19. Rxd4 Qf5 20. g4 Qg6 21. f5 Qf6 22. Rxe4 Qxc3 23. bxc3 Rxe4 24. Bxe4 Bd7 25.
Kf2 Re8 26. Kf3 c5 27. Bxb7 Bxa4 28. Ra1 Bxc2 29. Rxa7 Bd1+ 30. Kf2 Be7 31. Ra8 Bh4+ 32. Kf1 Rxa8 33. Bxa8 c4 34. Bd5 Bb3 35. Bd4 Kf8 36. Kg2 Be7 37. Kf3 Bd6 38. h4 f6 39. g5 hxg5 40.
hxg5 Ke7 41. Kg4 Bd1+ 42. Kh4 Be2 43. gxf6+ gxf6 44. Be6 Be5 45. Bxe5 fxe5 46. Kg5 e4 47. Bd5 e3 48. Kf4 Bd3 49. Kxe3 Bxf5 50. Bxc4 Kd6 51. Kd4 Bd7 52. Bd3 Be6 53. c4 Bxc4 1/2-1/2

[Event "*** Titled Tuesday Blitz"]
[Site "Chess.com"]
[Date "2020.11.03"]
[Round "4"]
[White "Margarita2907"]
[Black "Tactictic"]
[Result "1-0"]
[WhiteElo "2228"]
[BlackElo "2394"]
[TimeControl "180+1"]
[EndTime "10:41:27 PST"]
[Termination "Margarita2907 won on time"]

1. e4 c5 2. Nf3 d6 3. d4 cxd4 4. Nxd4 Nf6 5. Nc3 a6 6. Be2 e5 7.
Nb3 Be7 8. O-O O-O 9. Be3 Nc6 10.
a4 Be6 11. Nd2 d5 12. exd5 Nxd5 13. Nxd5 Bxd5 14. Nc4 Bxc4 15. Bxc4 Rc8 16. Qe2 Nd4 17. Bxd4 Qxd4 18. b3 Bc5 19. Rad1 Qc3 20. Rd3 Qb4 21.
Rh3 Rcd8 22. Qxe5 Rd2 23. Qh5 h6 24. Rf3 b5 25. Bxf7+ Kh8 26. axb5 Qxb5 27. Rf5 Bxf2+ 28. R1xf2 Qb6 29. h3 Rfd8 30. Qf3 Rd1+ 31. Kh2 Qc7+ 32.
Qf4 Qc3 33. Bg6 Rg8 34. Rf8 Rd8 35. Rxd8 1-0

[Event "*** Titled Tuesday Blitz"]
[Site "Chess.com"]
[Date "2020.11.03"]
[Round "4"]
[White "Iskusnyh"]
[Black "amintabatabaei"]
[Result "0-1"]
[WhiteElo "2574"]
[BlackElo "2952"]
[TimeControl "180+1"]
[EndTime "10:41:30 PST"]
[Termination "amintabatabaei won by resignation"]

1. d4 e6 2. c4 b6 3. Nf3 Bb7 4. g3 Bb4+ 5. Bd2 Bxf3 6. exf3 Bxd2+ 7. Qxd2 Nf6 8. Nc3 d5 9. cxd5 Nxd5 10. Bg2 O-O 11.
O-O Nc6 12. Rfd1 Nce7 13. f4 Rc8 14. Rac1 a5 15. Ne4 c6 16. a3 Nf5 17. Qd3 h6 18. Nc3 Nfe7 19. Ne4 Qd7 20. Qb3 Rc7 21. Nc3 Rfc8 22.
Ne4 Nf5 23. Bh3 Nd6 24. Nc3 b5 25. Bg2 a4 26. Qc2 Nxc3 27. bxc3 Nc4 28. Qa2 Qd6 29. Bf1 Nb6 30. Re1 c5 31. dxc5 Rxc5 32. Qb2 Nd5 33. Red1 Qc6 34. Bg2 Rxc3 35. Rxc3 Qxc3 36. Qxb5 Qb3 37.
Rb1 Rc1+ 38. Bf1 Qxb1 39. Qe8+ Kh7 0-1

[Event "*** Titled Tuesday Blitz"]
[Site "Chess.com"]
[Date "2020.11.03"]
[Round "4"]
[White "akanga001"]
[Black "LubovMarkelova"]
[Result "1-0"]
[WhiteElo "1928"]
[BlackElo "2227"]
[TimeControl "180+1"]
[EndTime "10:41:32 PST"]
[Termination "akanga001 won by resignation"]

1. d4 d5 2. c4 c6 3. Nc3 Nf6 4. Nf3 e6 5. e3 Nbd7 6. Qc2 Bd6 7. b3 O-O 8. Bd3 b6 9. O-O Bb7 10. e4 dxe4 11. Nxe4 Nxe4 12. Bxe4 Nf6 13. Bg5 h6 14. Bh4 Qe7 15. Rae1 Bb4 16. Re2 Rfd8 17. Bd3 c5 18. d5 g5 19. Nxg5 hxg5 20. Bxg5 Kg7 21. f4 Rh8 22.
Bf5 Rae8 23. dxe6 fxe6 24. Rxe6 Qxe6 25. Bxe6 Rxe6 26. Qf5 Rhe8 27. Bxf6+ Rxf6 28. Qd7+ Kf8 29. Qxb7 Bc3 30. Qxa7 Bd4+ 31. Kh1 Re7 32. Qb8+ Kg7 33. h3 Re2 34. f5 Be5 35. Qb7+ Kh6 36. Qf3 Rxa2 37.
Qe3+ Kg7 38. Qxe5 1-0